3AAA
BLOOMINGTON LONGNECKS @ HAMILTON COYOTES
08/10/2025
 
TOP OF THE 1ST
Bloomington Longnecks batting - Pitching for Hamilton Coyotes : RHP King Fletcher
Pitching: RHP King Fletcher
Batting: RHB Raúl Delgado 0-0: Ground out 4-3 (Groundball, 4)
Batting: RHB Aurelio Vázquez 0-0: Ball
1-0: Fly out, F7 (Line Drive, 78M)
Batting: RHB Ethan Miller 0-0: Ball
1-0: Foul Ball, location: 2F
1-1: Ball
2-1: Foul Ball, location: 2F
2-2: Foul Ball, location: 2F
2-2: Ball
3-2: Foul Ball, location: 2F
3-2: Ground out 6-3 (Groundball, 6)
Top of the 1st over - 0 run(s), 0 hit(s), 0 error(s), 0 left on base; Bloomington 0 - Hamilton 0
BOTTOM OF THE 1ST
Hamilton Coyotes batting - Pitching for Bloomington Longnecks : RHP Henry Hart
Pitching: RHP Henry Hart
Batting: RHB Anthony Trujillo 0-0: Foul Ball, location: 2F
0-1: Fly out, F5 (Line Drive, 56)
Batting: RHB Héctor Rojas 0-0: Called Strike
0-1: Ball
1-1: Ball
2-1: Fly out, F9 (Flyball, 9LS)
Batting: RHB Ralph May 0-0: Ball
1-0: Ball
2-0: Foul Ball, location: 2F
2-1: Fly out, F9 (Flyball, 9S)
Bottom of the 1st over - 0 run(s), 0 hit(s), 0 error(s), 0 left on base; Bloomington 0 - Hamilton 0
TOP OF THE 2ND
Bloomington Longnecks batting - Pitching for Hamilton Coyotes : RHP King Fletcher
Batting: RHB Darrell Terwey 0-0: Called Strike
0-1: Ball
1-1: Ball
2-1: Foul Ball, location: 2F
2-2: Foul Ball, location: 2F
2-2: Fly out, F8 (Flyball, 8LXD)
Batting: LHB Shang-de Zhang 0-0: Ball
1-0: Ball
2-0: Called Strike
2-1: Called Strike
2-2: Foul Ball, location: 2F
2-2: Foul Ball, location: 2F
2-2: Foul Ball, location: 2F
2-2: Ball
3-2: Strikes out swinging
Batting: LHB Felipe López 0-0: Called Strike
0-1: Ball
1-1: Fly out, F8 (Line Drive, 8LM)
Top of the 2nd over - 0 run(s), 0 hit(s), 0 error(s), 0 left on base; Bloomington 0 - Hamilton 0
BOTTOM OF THE 2ND
Hamilton Coyotes batting - Pitching for Bloomington Longnecks : RHP Henry Hart
Batting: RHB Ben Daniel 0-0: Fly out, F9 (Flyball, 89M)
Batting: RHB Paddy Hodnett 0-0: Called Strike
0-1: Swinging Strike
0-2: Ball
1-2: Ball
2-2: Ball
3-2: Fly out, F8 (Flyball, 8RS)
Batting: RHB Jon Erickson 0-0: Foul Ball, location: 2F
0-1: Swinging Strike
0-2: Ball
1-2: Ball
2-2: Ball
3-2: Foul Ball, location: 2F
3-2: Foul Ball, location: 2F
3-2: DOUBLE (Line Drive, 7LD)
Batting: RHB Stan Pierce 0-0: Ball
1-0: Foul Ball, location: 2F
1-1: Foul Ball, location: 2F
1-2: Ball
2-2: Foul Ball, location: 2F
2-2: Ball
3-2: Base on Balls
Batting: RHB Henry Mann 0-0: Ball
1-0: DOUBLE (Flyball, 78D)
Jon Erickson scores
Stan Pierce to third
Batting: RHB Sam Horton 0-0: Called Strike
0-1: Ball
1-1: Ball
2-1: Ground out 6-3 (Groundball, 6)
Bottom of the 2nd over - 1 run(s), 2 hit(s), 0 error(s), 2 left on base; Bloomington 0 - Hamilton 1
TOP OF THE 3RD
Bloomington Longnecks batting - Pitching for Hamilton Coyotes : RHP King Fletcher
Batting: RHB Sergio Cortéz 0-0: Ball
1-0: Ball
2-0: SINGLE (Flyball, 6MD)
Batting: LHB Gonzalo López 0-0: Ball
1-0: Foul Ball, location: 2F
1-1: Fly out, F4 (Popup, 34)
Batting: RHB Noriaki Okada 0-0: Ball
1-0: Fly out, F8 (Line Drive, 8RM)
Batting: RHB Raúl Delgado 0-0: Ball
1-0: Ball
2-0: Foul Ball, location: 2F
2-1: SINGLE (Groundball, 34D)
Sergio Cortéz to second
Runner from 2nd tries for 3rd, SAFE, no throw
Batting: RHB Aurelio Vázquez 0-0: Ball
1-0: Ball
2-0: Called Strike
2-1: Fielders Choice at 2nd, 6-4 (Groundball, 6)
Top of the 3rd over - 0 run(s), 2 hit(s), 0 error(s), 1 left on base; Bloomington 0 - Hamilton 1
BOTTOM OF THE 3RD
Hamilton Coyotes batting - Pitching for Bloomington Longnecks : RHP Henry Hart
Batting: RHB Anthony Trujillo 0-0: Called Strike
0-1: Ball
1-1: Ball
2-1: Ground out 5-3 (Groundball, 56)
Batting: RHB Héctor Rojas 0-0: Ball
1-0: Called Strike
1-1: Ground out 5-3 (Groundball, 56S)
Batting: RHB Ralph May 0-0: Foul Ball, location: 2F
0-1: Ball
1-1: Swinging Strike
1-2: Ball
2-2: SOLO HOME RUN (Flyball, 78XD), Distance : 389 ft
Batting: RHB Ben Daniel 0-0: Called Strike
0-1: Called Strike
0-2: Strikes out swinging
Bottom of the 3rd over - 1 run(s), 1 hit(s), 0 error(s), 0 left on base; Bloomington 0 - Hamilton 2
TOP OF THE 4TH
Bloomington Longnecks batting - Pitching for Hamilton Coyotes : RHP King Fletcher
Batting: RHB Ethan Miller 0-0: Called Strike
0-1: Ball
1-1: Swinging Strike
1-2: Foul Ball, location: 2F
1-2: Ball
2-2: Ball
3-2: Ground out 6-3 (Groundball, 6M)
Batting: RHB Darrell Terwey 0-0: Ball
1-0: Called Strike
1-1: Ball
2-1: Fly out, F7 (Flyball, 78S)
Batting: LHB Shang-de Zhang 0-0: DOUBLE (Line Drive, 9LS)
Batting: LHB Felipe López 0-0: Ball
1-0: Ball
2-0: Foul Ball, location: 2F
2-1: DOUBLE (Line Drive, 89XD)
Shang-de Zhang scores
Batting: RHB Sergio Cortéz 0-0: Ball
1-0: Ball
2-0: Called Strike
2-1: Ball
3-1: Base on Balls
Batting: LHB Gonzalo López 0-0: Foul Ball, location: 2F
0-1: Ball
1-1: Swinging Strike
1-2: Strikes out looking
Top of the 4th over - 1 run(s), 2 hit(s), 0 error(s), 2 left on base; Bloomington 1 - Hamilton 2
BOTTOM OF THE 4TH
Hamilton Coyotes batting - Pitching for Bloomington Longnecks : RHP Henry Hart
Batting: RHB Paddy Hodnett 0-0: Foul Ball, location: 2F
0-1: Foul Ball, location: 2F
0-2: Ball
1-2: Ball
2-2: Ball
3-2: Ground out 5-3 (Groundball, 5L)
Batting: RHB Jon Erickson 0-0: Swinging Strike
0-1: Ball
1-1: Foul Ball, location: 2F
1-2: Strikes out swinging
Batting: RHB Stan Pierce 0-0: Ball
1-0: DOUBLE (Line Drive, 9LM)
Batting: RHB Henry Mann 0-0: Intentional Walk
Batting: RHB Sam Horton 0-0: Called Strike
0-1: Foul Ball, location: 2F
0-2: Foul Ball, location: 2F
0-2: Ball
1-2: Foul Ball, location: 2F
1-2: Strikes out looking
Bottom of the 4th over - 0 run(s), 1 hit(s), 0 error(s), 2 left on base; Bloomington 1 - Hamilton 2
TOP OF THE 5TH
Bloomington Longnecks batting - Pitching for Hamilton Coyotes : RHP King Fletcher
Batting: RHB Noriaki Okada 0-0: Ball
1-0: Called Strike
1-1: Ball
2-1: Swinging Strike
2-2: Strikes out swinging
Batting: RHB Raúl Delgado 0-0: Ball
1-0: Ball
2-0: Ball
3-0: Called Strike
3-1: Swinging Strike
3-2: Strikes out swinging, 2-3 out at first.
Batting: RHB Aurelio Vázquez 0-0: Ball
1-0: Ball
2-0: Foul Ball, location: 2F
2-1: Called Strike
2-2: Ball
3-2: Base on Balls
Pitching: LHP Martin Bennett
Batting: RHB Ethan Miller 0-0: Ball
1-0: Swinging Strike
1-1: Foul Ball, location: 2F
1-2: Strikes out swinging
Top of the 5th over - 0 run(s), 0 hit(s), 0 error(s), 1 left on base; Bloomington 1 - Hamilton 2
BOTTOM OF THE 5TH
Hamilton Coyotes batting - Pitching for Bloomington Longnecks : RHP Henry Hart
Batting: RHB Anthony Trujillo 0-0: Called Strike
0-1: Ball
1-1: Ground out 6-3 (Groundball, 6)
Batting: RHB Héctor Rojas 0-0: Fly out, F5 (Line Drive, 5)
Batting: RHB Ralph May 0-0: Fly out, F2 (Popup, 2L)
Bottom of the 5th over - 0 run(s), 0 hit(s), 0 error(s), 0 left on base; Bloomington 1 - Hamilton 2
TOP OF THE 6TH
Bloomington Longnecks batting - Pitching for Hamilton Coyotes : LHP Martin Bennett
Batting: RHB Darrell Terwey 0-0: Foul Ball, location: 2F
0-1: SINGLE (Line Drive, 6D)
Batting: LHB Shang-de Zhang 0-0: Ball
1-0: Foul Ball, location: 2F
1-1: Foul Ball, location: 2F
1-2: Foul Ball, location: 2F
1-2: SINGLE (Groundball, 34D)
Darrell Terwey to second
Runner from 2nd tries for 3rd, OUT!
Batting: LHB Felipe López 0-0: Ball
Shang-de Zhang is caught stealing 2nd base
1-0: Swinging Strike
1-1: Foul Ball, location: 2F
1-2: Strikes out looking
Top of the 6th over - 0 run(s), 2 hit(s), 0 error(s), 0 left on base; Bloomington 1 - Hamilton 2
BOTTOM OF THE 6TH
Hamilton Coyotes batting - Pitching for Bloomington Longnecks : RHP Henry Hart
Batting: RHB Ben Daniel 0-0: Ball
1-0: Ball
2-0: Foul Ball, location: 2F
2-1: Ball
3-1: Called Strike
3-2: Base on Balls
Batting: RHB Paddy Hodnett 0-0: Ball
1-0: Called Strike
1-1: Ball
2-1: Grounds into double play, 4-6-3 (Groundball, 4M)
Batting: RHB Jon Erickson 0-0: Ball
1-0: Ball
2-0: Foul Ball, location: 2F
2-1: Fly out, F6 (Popup, 6MD)
Bottom of the 6th over - 0 run(s), 0 hit(s), 0 error(s), 0 left on base; Bloomington 1 - Hamilton 2
TOP OF THE 7TH
Bloomington Longnecks batting - Pitching for Hamilton Coyotes : LHP Martin Bennett
Batting: RHB Sergio Cortéz 0-0: Called Strike
0-1: Ball
1-1: Ball
2-1: Swinging Strike
2-2: Ball
3-2: Base on Balls
Batting: LHB Gonzalo López 0-0: Ball
1-0: Ball
2-0: Ball
3-0: Base on Balls
Sergio Cortéz to second
Batting: RHB Noriaki Okada 0-0: Ball
1-0: SINGLE (Line Drive, 89M)
Sergio Cortéz to third
Gonzalo López to second
Runner from 3rd tries for Home, SAFE, throw made home
Gonzalo López to third
Noriaki Okada to second
Batting: RHB Raúl Delgado 0-0: Ball
1-0: Ball
2-0: Foul Ball, location: 2F
2-1: Foul Ball, location: 2F
2-2: Fly out, F8 (Flyball, 8LS)
Runner from 3rd tags up, SCORES, no throw
Now in CF: Tony Ríos
Batting: RHB Aurelio Vázquez 0-0: Ball
1-0: Foul Ball, location: 2F
1-1: Ball
2-1: Ball
3-1: Swinging Strike
3-2: Foul Ball, location: 2F
3-2: Fly out, F7 (Line Drive, 7D)
Pitching: RHP Jim Unknown
Now in LF: Monty Sharp
Batting: RHB Ethan Miller 0-0: Called Strike
0-1: Ball
1-1: Ball
2-1: Foul Ball, location: 2F
2-2: Ball
Passed Ball!
Noriaki Okada to third
3-2: 2-RUN HOME RUN (Flyball, 9D), Distance : 347 ft
Batting: RHB Darrell Terwey 0-0: Foul Ball, location: 2F
0-1: Ball
1-1: Ball
2-1: Called Strike
2-2: DOUBLE (Line Drive, 8LD)
Batting: LHB Shang-de Zhang 0-0: Foul Ball, location: 2F
0-1: Fly out, F7 (Flyball, 7LS)
Top of the 7th over - 4 run(s), 3 hit(s), 0 error(s), 1 left on base; Bloomington 5 - Hamilton 2
BOTTOM OF THE 7TH
Hamilton Coyotes batting - Pitching for Bloomington Longnecks : RHP Henry Hart
Batting: RHB Stan Pierce 0-0: Swinging Strike
0-1: Fly out, F8 (Flyball, 8LXD)
Batting: RHB Henry Mann 0-0: Called Strike
0-1: Called Strike
0-2: Foul Ball, location: 2F
0-2: SINGLE (Groundball, 6MD)
Pitching: RHP William Waters
Batting: RHB Sam Horton 0-0: Called Strike
0-1: Fly out, F8 (Flyball, 8LXD)
Batting: LHB Tony Ríos 0-0: Ball
1-0: Called Strike
1-1: Ball
2-1: Swinging Strike
2-2: Ball
3-2: Fly out, F7 (Flyball, 7S)
Bottom of the 7th over - 0 run(s), 1 hit(s), 0 error(s), 1 left on base; Bloomington 5 - Hamilton 2
TOP OF THE 8TH
Bloomington Longnecks batting - Pitching for Hamilton Coyotes : RHP Jim Unknown
Batting: LHB Felipe López 0-0: Ball
1-0: Called Strike
1-1: Ball
2-1: Fly out, F8 (Flyball, 8LXD)
Batting: RHB Sergio Cortéz 0-0: Ball
1-0: Ball
2-0: Swinging Strike
2-1: Swinging Strike
2-2: Strikes out looking
Batting: LHB Gonzalo López 0-0: Ball
1-0: Ball
2-0: Called Strike
2-1: Foul Ball, location: 2F
2-2: Foul Ball, location: 2F
2-2: Foul Ball, location: 2F
2-2: SINGLE (Groundball, 34D)
Batting: RHB Noriaki Okada 0-0: Ball
Gonzalo López is caught stealing 2nd base
Top of the 8th over - 0 run(s), 1 hit(s), 0 error(s), 0 left on base; Bloomington 5 - Hamilton 2
BOTTOM OF THE 8TH
Hamilton Coyotes batting - Pitching for Bloomington Longnecks : RHP William Waters
Batting: RHB Héctor Rojas 0-0: Ball
1-0: Ground out 5-3 (Groundball, 56)
Batting: RHB Ralph May 0-0: Called Strike
0-1: Foul Ball, location: 2F
0-2: Ball
1-2: Foul Ball, location: 2F
1-2: Ground out 5-3 (Groundball, 56)
Batting: RHB Monty Sharp 0-0: Ball
1-0: Foul Ball, location: 2F
1-1: Ground out 6-3 (Groundball, 6)
Bottom of the 8th over - 0 run(s), 0 hit(s), 0 error(s), 0 left on base; Bloomington 5 - Hamilton 2
TOP OF THE 9TH
Bloomington Longnecks batting - Pitching for Hamilton Coyotes : RHP Jim Unknown
Pitching: RHP John Riggleman
Batting: RHB Noriaki Okada 0-0: Ground out 4-3 (Groundball, 4)
Pitching: RHP Jim Unknown
Batting: RHB Raúl Delgado 0-0: Ground out 5-3 (Groundball, 56S)
Batting: RHB Aurelio Vázquez 0-0: Ball
1-0: Ball
2-0: Called Strike
2-1: Ground out 5-3 (Groundball, 56S)
Top of the 9th over - 0 run(s), 0 hit(s), 0 error(s), 0 left on base; Bloomington 5 - Hamilton 2
BOTTOM OF THE 9TH
Hamilton Coyotes batting - Pitching for Bloomington Longnecks : RHP William Waters
Pitching: RHP John Watson
Batting: RHB Paddy Hodnett 0-0: Called Strike
0-1: Ball
1-1: Swinging Strike
1-2: Ground out 3-1 (Groundball, 34S)
Batting: RHB Jon Erickson 0-0: Ball
1-0: Swinging Strike
1-1: Ball
2-1: Fly out, F9 (Line Drive, 89M)
Batting: RHB Stan Pierce 0-0: Ball
1-0: SINGLE (Groundball, 4MD)
Batting: RHB Henry Mann 0-0: Ball
1-0: Called Strike
1-1: Foul Ball, location: 2F
1-2: Foul Ball, location: 2F
1-2: Ball
2-2: DOUBLE (Popup, 6D)
Stan Pierce to third
Runner from 3rd tries for Home, throw and OUT!
Bottom of the 9th over - 0 run(s), 2 hit(s), 0 error(s), 1 left on base; Bloomington 5 - Hamilton 2
Friday, December 30th, 2016 - OOTP Baseball 17.12 Build 75